 Dungeon Crawl Stone Soup version 0.28-a0-1524-ge72afd5fc6 (webtiles) character file.

Game seed: 9127222494332665448

154 dave1331 the Skirmisher (level 5, 0/47 HPs)
             Began as a Minotaur Fighter on Jan 17, 2022.
             Was a Follower of Okawaru.
             Succumbed to a goblin's poison
             ... on level 3 of the Dungeon.
             The game lasted 00:10:52 (818 turns).

dave1331 the Skirmisher (Minotaur Fighter)           Turns: 818, Time: 00:10:52

Health: 0/47       AC:  7    Str: 28    XL:     5   Next: 13%
Magic:  4/4        EV:  9    Int:  5    God:    Okawaru [*.....]
Gold:   53         SH:  4    Dex: 10    Spells: 4/4 levels left

rFire   . . .      SeeInvis .   h - +1 dagger (speed)
rCold   . . .      Faith    .   c - +0 buckler
rNeg    . . .      Spirit   .   b - +0 scale mail
rPois   .          Reflect  .   (helmet restricted)
rElec   .          Harm     .   (no cloak)
rCorr   .          Rampage  .   (no gloves)
Will    .....                   (no boots)
Stlth   ..........              e - amulet of magic regeneration
HPRegen 0.15/turn               f - +6 ring of strength
MPRegen 0.49/turn               (no ring)

@: mighty, lethally poisoned (0 -> -9)
A: horns 2, retaliatory headbutt
a: Renounce Religion, Heroism


You were on level 3 of the Dungeon.
You worshipped Okawaru.
Okawaru was aware of your devotion.
You visited 1 branch of the dungeon, and saw 3 of its levels.

You collected 53 gold pieces.

Inventory:

Hand Weapons
 a - a +0 trident
 h - a +1 dagger of speed (weapon)
Missiles
 g - 4 poisoned darts (quivered)
Armour
 b - a +0 scale mail (worn)
 c - a +0 buckler (worn)
Jewellery
 e - an amulet of magic regeneration (around neck)
 f - a +6 ring of strength (left hand)


   Skills:
 + Level 4.7 Fighting
 + Level 3.8 Polearms
 + Level 4.7 Armour
 + Level 4.7 Shields


You had 4 spell levels left.
You didn't know any spells.
Your spell library was empty.

Dungeon Overview and Level Annotations

Branches:
Dungeon (3/15)

Altars:
Okawaru


Innate Abilities, Weirdness & Mutations

You have a pair of horns on your head.
You reflexively headbutt those who attack you in melee.


Message History

Items here: )) [[ ††.
h - a +1 dagger of speed
Things that are here:
a +0 club; a +0 ring mail Your hands tingle!
h - a +1 dagger of speed (weapon)
A goblin comes into view. It is wielding a +0 dagger of venom.
The goblin shouts!
An endoplasm comes into view.
The goblin barely misses you.
You hit the goblin.
The goblin is moderately wounded.
The goblin hits you but does no damage.
You barely miss the goblin.
The goblin is moderately wounded.
The endoplasm closely misses you. The goblin hits you but does no damage.
You are poisoned.
You barely miss the goblin.
The goblin is moderately wounded.
You feel sick. You block the endoplasm's attack.
You barely miss the goblin.
The goblin is moderately wounded.
The goblin hits you but does no damage.
You are lethally poisoned!
You hit the goblin.
You kill the goblin!
Okawaru accepts your kill.
* * * LOW HITPOINT WARNING * * *
You feel very sick. The endoplasm barely misses you.
You feel very mighty all of a sudden.
* * * LOW HITPOINT WARNING * * *
You feel very sick. The endoplasm completely misses you.
You puncture the endoplasm!
You kill the endoplasm!
Okawaru accepts your kill.
* * * LOW HITPOINT WARNING * * *
You feel sick.
You die...

..## ## #.# .. ##.#
. ## #..# ..J #.##
.g#### #.# ...#
####.#### ##.#####
#.......# #).....#
#.......# # #.@>...#
#.......#
...#......#
#.......# #........#
#.......#
###<....)###.......#
#......).<........#
#.#################
... ..## #


There were no monsters in sight!

Vanquished Creatures
  Jessica (D:2)
  2 orc wizards (D:3)
  4 adders
  A worm (D:2)
  2 dart slugs (D:1)
  An orc (D:3)
  A ball python (D:3)
  4 endoplasms
  2 giant cockroaches
  5 goblins
  A hobgoblin (D:1)
  3 quokkas
  4 bats
  2 frilled lizards
  A kobold (D:1)
  6 rats
40 creatures vanquished.

Notes
Turn   | Place    | Note
-------+----------+-------------------------------------------
     0 | D:1      | dave1331 the Minotaur Fighter began the quest for the Orb.
     0 | D:1      | Reached XP level 1. HP: 19/19 MP: 0/0
   161 | D:1      | Reached XP level 2. HP: 21/27 MP: 1/1
   497 | D:2      | Reached XP level 3. HP: 29/33 MP: 2/2
   512 | D:2      | Noticed Jessica
   519 | D:2      | Killed Jessica
   541 | D:2      | Reached XP level 4. HP: 31/41 MP: 3/3
   614 | D:3      | Found a faded altar of an unknown god.
   617 | D:3      | Prayed at the altar of an unknown god.
   617 | D:3      | Became a worshipper of Warmaster Okawaru
   617 | D:3      | Reached * piety under Okawaru
   791 | D:3      | Reached XP level 5. HP: 7/47 MP: 4/4
   816 | D:3      | HP: 2/47 [poisoned by a goblin]
   818 | D:3      | Succumbed to a goblin's poison

Illustrated notes

Levels and vault maps discovered:
D:1:      sevenhm_arrival_forest_fort_small_4, layout_rooms,
          minmay_misc_feat_ornament, minmay_quantized
D:2:      layout_loops_ring, lemuel_old_faithful, uniq_sigmund, uniq_jessica
D:3:      layout_rooms, serial_shops, shop_statue,
          hellmonk_ecumenical_altar_inner_sanctum

Skill      XL: |  1  2 |
---------------+-------+-----
Fighting       | 4 |  4.7
Armour         | 4 |  4.7
Shields        | 4 |  4.7
Polearms       | 3 |  3.8

Action                   |  1- 3 |  4- 6 || total
-------------------------+-------+-------++-------
Melee: Trident           |    64 |    33 ||    97
       Headbutt          |    10 |     5 ||    15
       Dagger            |       |     6 ||     6
  Use: Scroll            |     1 |     1 ||     2
       Potion            |       |     2 ||     2
Armor: Scale mail        |    27 |    21 ||    48
Dodge: Dodged            |    21 |    28 ||    49
Block: Buckler           |    14 |     4 ||    18

Table legend: (Time is in decaauts)
 A = Elapsed time spent in this place.
 B = Non-inter-level travel time spent in this place.
 C = Inter-level travel time spent in this place.
 D = Time resting spent in this place.
 E = Time spent auto-exploring this place.
 F = Levels seen in this place.
 G = Mean time per level.
                   A        B        C        D        E       F      G
               +--------+--------+--------+--------+--------+-----+--------+
         Total |    841 |    290 |    551 |      0 |      0 |   3 |  280.3 |
       Dungeon |    841 |    290 |    551 |      0 |      0 |   3 |  280.3 |
               +--------+--------+--------+--------+--------+-----+--------+

Top non-repeatable levels by time:
     D:1: 465 daAuts
     D:3: 270 daAuts
     D:2: 105 daAuts
